 Dungeon Crawl Stone Soup version 0.16.1 (webtiles) character file.

5678 Sixotanaka the Devastator (level 10, -3/50 HPs)
             Began as a Deep Elf Conjurer on Mar 28, 2015.
             Slain by a komodo dragon (20 damage)
             ... on level 10 of the Dungeon.
             The game lasted 00:26:54 (11043 turns).

Sixotanaka the Devastator (Deep Elf Conjurer)      Turns: 11043, Time: 00:26:55

Health: -3/50      AC:  8    Str:  7    XL:     10   Next: 47%
Magic:  6/25       EV: 13    Int: 21    God:
Gold:   421        SH:  0    Dex: 16    Spells: 4 memorised, 4 levels left

rFire  . . .     SeeInvis .     g - +4 dagger
rCold  + . .     Clarity  .     H - +2 robe {rC+}
rNeg   + . .     SustAb   .     (no shield)
rPois  +         Gourm    .     (no helmet)
rElec  .         Spirit   .     N - +2 cloak
rCorr  .         Warding  .     (no gloves)
rMut   +         Stasis   .     x - +0 pair of boots
MR     +....                    t - amulet of resist mutation
Stlth  ++........               s - ring of positive energy
                                I - ring of poison resistance

@: somewhat resistant to hostile enchantments, unstealthy
A: no striking features
a: no special abilities


You were on level 10 of the Dungeon.
You were very hungry.

You visited 1 branch of the dungeon, and saw 10 of its levels.

You collected 421 gold pieces.


   Skills:
 - Level 2.4 Dodging
 - Level 2.4 Stealth
 - Level 4.0 Spellcasting
 + Level 15.5 Conjurations
 - Level 8.0 Charms


You had 4 spell levels left.
You knew the following spells:

 Your Spells              Type           Power        Failure   Level  Hunger
w - Abjuration            Summ           #.........   34%         3    ###....
x - Iskenderun's Mystic   Conj           ######..     1%          4    ####...
z - Magic Dart            Conj           ####         1%          1    None
Z - Iskenderun's Battles  Conj/Chrm      ######..     2%          5    ######.


Dungeon Overview and Level Annotations

Branches:
Dungeon (10/15)
 Temple: D:4-7         Lair: D:8-11         Orc: D:9-12

Altars:
Cheibriados
Fedhas
Gozag
Makhleb
Nemelex Xobeh
Qazlal
Ru
Trog
Xom
The Shining One

Annotations:
D:4 Grinder

Inventory:

Hand weapons
 g - a +4 dagger (weapon)
 n - a +2 dagger of speed
   (You found it on level 6 of the Dungeon)
 A - a +0 blowgun
 E - a +3 flail
Missiles
 u - 16 poisoned needles
Armour
 m - a +2 robe of magic resistance
   (You found it on level 2 of the Dungeon)
 x - a +0 pair of boots (worn)
 H - a +2 robe of cold resistance (worn)
   (You took it off an orc wizard on level 7 of the Dungeon)
 N - a +2 cloak (worn)
Jewellery
 r - an uncursed ring of see invisible
 s - a ring of positive energy (right hand)
 t - an amulet of resist mutation (around neck)
 I - a ring of poison resistance (left hand)
Scrolls
 a - a scroll of silence {unknown}
 f - a scroll of vulnerability {unknown}
 j - a scroll of enchant weapon
 k - 3 scrolls of noise {unknown}
 o - a scroll of enchant armour {unknown}
 q - 5 scrolls of remove curse {@r2}
 v - a scroll of random uselessness {unknown}
 y - a scroll of immolation {unknown}
 z - a scroll of magic mapping
 C - 2 scrolls of blinking {unknown}
 D - 3 scrolls of fog {unknown}
 F - a scroll of torment {unknown}
 K - 2 scrolls of fear {unknown}
Potions
 d - a potion of heal wounds {unknown}
 e - 5 potions of curing {unknown}
 h - a potion of invisibility {unknown}
 i - 2 potions of ambrosia {unknown}
 p - 2 potions of cancellation {unknown}
 G - a potion of brilliance {unknown}
 L - a potion of beneficial mutation {unknown}
 M - a potion of haste {@q3}
 P - a potion of might {unknown}
Comestibles
 b - 8 bread rations
 c - 4 chunks of flesh
 l - 2 fruits
 B - 3 beef jerkies
 J - 2 meat rations
 O - 6 slices of pizza

#################
#...............#
##..(Z@..........#
.#......l.........#
....(..............#
.##>......<...))..#
#############)###
#########...#
#.........###
###'#############
#...[...........#


You could see a komodo dragon and a giant frog zombie.


Message History

The stone closely misses you.
The magic dart hits the kobold.
Your battlesphere fires!
The barrage of energy hits the kobold.
You kill the kobold!
The worker ant barely misses your battlesphere.
The magic dart hits the worker ant.
Your battlesphere fires!
The barrage of energy hits the worker ant.
You kill the worker ant!
You swap places.
Something hits the plant.
You now have 421 gold pieces (gained 12).
A komodo dragon comes into view.
A komodo dragon is nearby!
You can't see any susceptible monsters within range! (Use Z to cast anyway.)
An orc comes into view. It is wielding a club.
The orc shouts!
The komodo dragon bites the plant!
The centaur wields a shortbow.
The centaur shoots an arrow.
The arrow misses you.
A centaur comes into view. It is wielding a shortbow.
You see here an arrow.
The orb of energy hits the centaur.
You are feeling hungry.
The komodo dragon bites the plant.
The centaur shoots an arrow.
The arrow hits you!
The magic dart hits the centaur.
The komodo dragon bites the plant!!
The centaur shoots an arrow.
The arrow hits you but does no damage.
The magic dart hits the centaur.
The centaur shoots an arrow.
The arrow hits you.
The komodo dragon bites the plant!!
The orb of energy hits the orc.
You kill the orc!
The orb of energy explodes!
The mystic blast hits the plant.
You hear a shout!
The centaur shoots an arrow.
The arrow closely misses you.
The komodo dragon bites the plant!!
The plant is destroyed!
The magic dart hits the centaur.
The centaur shoots an arrow.
The arrow hits you.
The magic dart hits the centaur.
You kill the centaur!
The orb of energy hits the komodo dragon.
Your battlesphere fires!
The barrage of energy hits the komodo dragon.
The magic dart hits the komodo dragon.
Your battlesphere fires!
The barrage of energy hits the komodo dragon.
Your battlesphere expends the last of its energy and dissipates.
You see here a stone.
There is an open door here.
The magic dart hits the komodo dragon.
The magic dart hits the komodo dragon.
The komodo dragon bites you!
There is an open door here.
There is an open door here.
The orb of energy hits the komodo dragon.
The orb of energy explodes!
You are feeling very hungry.
The komodo dragon bites you!!
* * * LOW HITPOINT WARNING * * *
Things that are here:
a troll hide; a troll skeleton
There is an open door here.
There is an open door, spattered with blood here.
Things that are here:
a dagger; a scale mail
Things that are here:
a club; a scale mail A giant frog zombie comes into view.
There is a stone staircase leading up here.
The komodo dragon bites you!!
You die...

Action                   |  1- 3 |  4- 6 |  7- 9 | 10-12 || total
-------------------------+-------+-------+-------+-------++-------
Melee: Mace              |     3 |       |       |       ||     3
       Dagger            |       |       |    34 |    72 ||   106
 Cast: Magic Dart        |    82 |   103 |   172 |    63 ||   420
       Iskenderun's Myst |       |    13 |    55 |    22 ||    90
       Iskenderun's Batt |       |       |    25 |    13 ||    38
  Use: Scroll            |     1 |     3 |     5 |     1 ||    10
  Eat: Chunk             |     1 |     8 |    15 |    12 ||    36
       Beef jerky        |       |     1 |     1 |       ||     2
       Pizza             |       |       |     2 |     1 ||     3
       Meat ration       |       |       |     2 |       ||     2
       Bread ration      |       |       |     1 |       ||     1

Vault maps used:
D:1:      tarquinn_simple_flora_water_a
D:3:      lemuel_doored_altar, grunt_qazlal_clouds, grunt_decor_resistance
D:4:      grunt_dithmenos_smoke, minmay_temple_entry_enclosed_plants, hex_large,
          uniq_grinder, uniq_menkaure
D:5:      kennysheep_mini_moat, first_bread, kennysheep_windowed_goal
D:6:      nemelex_xobeh_ov_fountains_minmay, uniq_sigmund, uniq_pikel,
          uniq_crazy_yiuf_cottage, uniq_duvessa
D:7:      gammafunk_temple_overflow_pools
D:8:      xom_butterflies, uniq_prince_ribbit1
D:9:      nicolae_overflow_hidden_temple, amethyst_overflow_temple_binary,
          grunt_livestock
D:10:     david_lair_shrubbed, basic_altar, uniq_joseph

Notes
Turn   | Place    | Note
--------------------------------------------------------------
     0 | D:1      | Sixotanaka, the Deep Elf Conjurer, began the quest for the Orb.
     0 | D:1      | Reached XP level 1. HP: 10/10 MP: 5/5
   351 | D:1      | Reached XP level 2. HP: 15/15 MP: 4/8
   360 | D:1      | Reached skill level 5 in Conjurations
   833 | D:1      | Reached XP level 3. HP: 19/19 MP: 6/10
  1297 | D:2      | Reached skill level 6 in Conjurations
  1325 | D:2      | Reached XP level 4. HP: 24/24 MP: 6/13
  2023 | D:3      | Learned a level 4 spell: Iskenderun's Mystic Blast
  2518 | D:3      | Reached XP level 5. HP: 22/28 MP: 1/17
  2643 | D:3      | Learned a level 5 spell: Iskenderun's Battlesphere
  2717 | D:3      | Found a sacrificial altar of Ru.
  2806 | D:3      | Found a stormy altar of Qazlal.
  3042 | D:4      | Reached skill level 4 in Spellcasting
  3042 | D:4      | Reached skill level 7 in Conjurations
  3058 | D:4      | Noticed an ogre
  3156 | D:4      | Reached skill level 1 in Charms
  3163 | D:3      | Reached skill level 2 in Charms
  3337 | D:5      | Entered Level 5 of the Dungeon
  3344 | D:4      | Noticed Menkaure
  3347 | D:4      | Killed Menkaure
  3347 | D:4      | Reached skill level 4 in Charms
  3347 | D:4      | Reached XP level 6. HP: 32/32 MP: 11/20
  3385 | D:4      | Noticed Grinder
  3576 | D:5      | Noticed an ogre
  3596 | D:5      | Killed an ogre
  3596 | D:5      | Reached skill level 5 in Charms
  3680 | D:5      | Found a burning altar of Makhleb.
  3926 | D:5      | Noticed a phantom
  3931 | D:5      | Killed a phantom
  3931 | D:5      | Reached XP level 7. HP: 36/36 MP: 4/21
  4047 | D:5      | Reached skill level 6 in Charms
  4547 | D:5      | Reached skill level 8 in Conjurations
  4547 | D:5      | Reached skill level 7 in Charms
  4803 | D:6      | Found a sparkling altar of Nemelex Xobeh.
  4980 | D:6      | Reached skill level 8 in Charms
  5193 | D:6      | Noticed Crazy Yiuf
  5202 | D:6      | Killed Crazy Yiuf
  5269 | D:6      | Noticed edsrzf's ghost (experienced OgGl)
  5506 | D:6      | Noticed Dowan
  5509 | D:6      | Killed Dowan
  5510 | D:6      | Noticed Duvessa
  5514 | D:6      | HP: 6/36 [Duvessa/short sword of holy wrath (10)]
  5515 | D:6      | Killed Duvessa
  5515 | D:6      | Reached skill level 9 in Conjurations
  5515 | D:6      | Reached XP level 8. HP: 6/41 MP: 1/22
  5739 | D:6      | Noticed Sigmund
  5742 | D:6      | Killed Sigmund
  6049 | D:6      | Noticed Pikel
  6054 | D:6      | Killed Pikel
  6054 | D:6      | Reached skill level 10 in Conjurations
  6079 | D:6      | Reached skill level 11 in Conjurations
  6126 | D:6      | HP: 8/41 [ice beast (12)]
  6523 | D:6      | Reached XP level 9. HP: 41/45 MP: 14/24
  6715 | D:6      | Killed edsrzf's ghost
  6715 | D:6      | Reached skill level 12 in Conjurations
  7626 | D:7      | Found a glowing golden altar of the Shining One.
  7627 | D:7      | Found a bloodstained altar of Trog.
  7702 | D:7      | Reached skill level 13 in Conjurations
  8689 | D:8      | Noticed Prince Ribbit
  8728 | D:8      | Killed Prince Ribbit
  8728 | D:8      | Reached skill level 14 in Conjurations
  9123 | D:8      | Found a shimmering altar of Xom.
  9223 | D:8      | Reached XP level 10. HP: 50/50 MP: 13/25
  9473 | D:9      | Learned a level 3 spell: Abjuration
  9801 | D:9      | Found an opulent altar of Gozag.
  9808 | D:9      | Found a snail-covered altar of Cheibriados.
 10587 | D:9      | Found a blossoming altar of Fedhas.
 10597 | D:9      | Reached skill level 15 in Conjurations
 10696 | D:10     | Entered Level 10 of the Dungeon
 11015 | D:10     | HP: 12/50 [komodo dragon (18)]
 11043 | D:10     | Slain by a komodo dragon

Vanquished Creatures
  The ghost of edsrzf the Cudgeler, an experienced OgGl of Cheibriados (D:6)
  Pikel (D:6)
  A two-headed ogre (D:10)
  A troll (D:10)
  Prince Ribbit (D:8)
  A human (D:9)
  2 wyverns
  A yak (D:9)
  A mottled dragon (D:9)
  A hippogriff (D:7)
  Menkaure (D:4)
  A water moccasin (D:9)
  2 orc warriors
  2 phantoms (D:5)
  3 sky beasts
  2 ice beasts
  3 slaves (D:6)
  An ogre (D:5)
  Sigmund (D:6)
  Duvessa (D:6)
  5 centaurs
  A big kobold (D:7)
  2 giant frogs
  5 killer bees (D:9)
  A scorpion (D:7)
  5 wights (D:6)
  2 crimson imps
  A goliath beetle (D:6)
  Dowan (D:6)
  A centaur zombie (D:6)
  A giant frog zombie (D:9)
  Crazy Yiuf (D:6)
  5 hounds
  3 orc priests
  2 orc wizards
  5 worker ants
  2 iguanas (D:5)
  3 sheep (D:9)
  7 adders
  2 shadow imps
  3 worms
  5 giant geckos
  2 oozes
  27 orcs
  17 bats
  A bat skeleton (D:7)
  5 giant cockroaches
  12 goblins
  8 hobgoblins
  6 jackals
  15 kobolds
  A ball python (D:7)
  A giant cockroach zombie (D:6)
  2 giant newts
  3 giant spores
  2 quokkas
  A quokka skeleton (D:7)
  A quokka zombie (D:3)
  12 rats
  11 ballistomycetes
  A butterfly (D:8)
219 creatures vanquished.

Vanquished Creatures (others)
  A giant frog (D:6)
  An iguana (D:7)
  A giant spore (D:9)
  4 plants (D:10)
7 creatures vanquished.

Grand Total: 226 creatures vanquished
